 Dungeon Crawl Stone Soup version 0.23.2 (webtiles) character file.

Game seed: 7853999512445277269

158 Marnok the Shield-Bearer (level 5, -9/41 HPs)
             Began as a Human Fighter on Apr 3, 2019.
             Mangled by an ogre
             ... wielding a +0 giant club
              (21 damage)
             ... on level 4 of the Dungeon.
             The game lasted 00:07:07 (3022 turns).

Marnok the Shield-Bearer (Human Fighter)            Turns: 3022, Time: 00:07:08

Health: -9/41      AC: 10    Str: 16    XL:     5   Next: 66%
Magic:  5/5        EV:  8    Int:  9    God:
Gold:   149        SH:  9    Dex: 13    Spells: 4/4 levels left

rFire    . . .     SeeInvis .   a - +0 war axe
rCold    . . .     Gourm    +   c - +0 shield
rNeg     . . .     Faith    .   b - +0 scale mail
rPois    .         Spirit   .   o - +2 helmet
rElec    .         Reflect  .   (no cloak)
rCorr    .         Harm     .   (no gloves)
MR       .....                  (no boots)
Stlth    ..........             j - amulet of the gourmand
HPRegen  0.13/turn              (no ring)
MPRegen  0.09/turn              (no ring)

@: no status effects
A: no striking features
a: no special abilities


You were on level 4 of the Dungeon.
You were full.

You visited 1 branch of the dungeon, and saw 4 of its levels.

You collected 149 gold pieces.

Inventory:

Hand Weapons
 a - a +0 war axe (weapon)
Missiles
 m - 35 poisoned needles
 r - 3 tomahawks of dispersal (quivered)
Armour
 b - a +0 scale mail (worn)
 c - a +0 shield (worn)
 o - a +2 helmet (worn)
Jewellery
 j - an amulet of the gourmand (around neck)
Wands
 g - a wand of digging (4)
 p - a wand of enslavement (4)
Scrolls
 h - a scroll of magic mapping {unknown}
 k - a scroll of teleportation
 l - a scroll of remove curse
 n - 2 scrolls of identify
Potions
 d - a potion of curing
 e - a potion of brilliance
 i - a potion of agility
 q - a potion of haste {unknown}
Comestibles
 f - 5 rations


   Skills:
 + Level 3.4 Fighting
 + Level 3.3 Axes
 + Level 3.5 Armour
 + Level 1.9 Dodging
 + Level 3.8 Shields


You had 4 spell levels left.
You didn't know any spells.
Your spell library was empty.

Dungeon Overview and Level Annotations

Branches:
Dungeon (4/15)
 Temple: D:4-7

Altars:
Elyvilon
Gozag
Kikubaaqudgha
Trog
Vehumet


Message History

You block the ogre's attack. The ogre barely misses you.
You hit the ogre.
The ogre is moderately wounded.
The ogre hits you with a +0 giant club!!
Throwing (i - inventory)
r - 4 tomahawks of dispersal (quivered)
Press: ? - help, Shift-Dir - straight line, f - ogre
Aim: an ogre, wielding a +0 giant club (lightly wounded)
You throw a tomahawk of dispersal.
The tomahawk of dispersal hits the ogre but does no damage.
The ogre is lightly wounded.
The ogre hits you with a +0 giant club!!
Ouch! That really hurt!
* * * LOW HITPOINT WARNING * * *
You feel better.
You barely miss the ogre.
The ogre is lightly wounded.
The ogre hits you but does no damage.
The ogre hits you with a +0 giant club!!
Ouch! That really hurt!
You die...

### ####.#
#....#
#####.##.#
#......#.#
#.######.#
###### #.# #@#
#....####.##
#O#
#..........# #
#.#
#.....######.#
#.#
#.....###...
#..
#)....†.#.####
#..#
#....##......#
#...
##.#.##..<##.#
.....
#.#.##...#
....#


You could see an ogre.

Vanquished Creatures
  Terence (D:2)
  6 adders
  2 worms (D:2)
  3 dart slugs
  A leopard gecko (D:1)
  4 orcs (D:3)
  A ball python (D:3)
  A giant cockroach (D:3)
  9 hobgoblins
  4 jackals (D:1)
  9 kobolds
  A quokka (D:2)
  6 bats
  3 frilled lizards
  8 goblins
  8 rats
67 creatures vanquished.

Notes
Turn   | Place    | Note
-------+----------+-------------------------------------------
     0 | D:1      | Marnok the Human Fighter began the quest for the Orb.
     0 | D:1      | Reached XP level 1. HP: 18/18 MP: 1/1
   127 | D:1      | Reached XP level 2. HP: 24/24 MP: 2/2
   517 | D:1      | Reached XP level 3. HP: 24/29 MP: 3/3
  1055 | D:2      | Found a white marble altar of Elyvilon.
  1361 | D:2      | Reached XP level 4. HP: 34/35 MP: 4/4
  1455 | D:2      | Reached skill level 1 in Dodging
  1805 | D:2      | Noticed Terence
  1820 | D:2      | Killed Terence
  1820 | D:2      | Reached XP level 5. HP: 25/41 MP: 5/5
  1886 | D:2      | Found an opulent altar of Gozag.
  2061 | D:2      | Found a radiant altar of Vehumet.
  2063 | D:2      | Found a bloodstained altar of Trog.
  2073 | D:2      | Found an ancient bone altar of Kikubaaqudgha.
  3012 | D:4      | Noticed an ogre
  3020 | D:4      | HP: 1/41 [ogre/+0 giant club (21)]
  3022 | D:4      | Mangled by an ogre

Skill      XL: |  1  2  3  4 |
---------------+-------------+-----
Dodging        | 1 |  1.9
Axes           | 3 |  3.3
Fighting       | |  3.4
Armour         | |  3.5
Shields        | |  3.8

Action                   |  1- 3 |  4- 6 || total
-------------------------+-------+-------++-------
Melee: War axe           |    78 |   127 ||   205
Throw: Tomahawk          |       |     1 ||     1
  Use: Potion            |     1 |     3 ||     4
       Scroll            |       |     7 ||     7
  Eat: Chunk             |     2 |    14 ||    16
Armor: Scale mail        |    53 |    59 ||   112
Dodge: Dodged            |    26 |    33 ||    59
Block: Shield            |    50 |    61 ||   111
